 Dungeon Crawl Stone Soup version 0.30-a0-802-gb92711bcdf (webtiles) character file.

Game seed: 6592101578066686243

627 KennySheep the Covered (level 7, 0/60 HPs)
             Began as an Armataur Artificer on Feb 24, 2023.
             Was an Initiate of Cheibriados.
             Slain by a white imp (4 damage)
             ... on level 5 of the Dungeon.
             The game lasted 00:09:24 (3978 turns).

KennySheep the Covered (Armataur Artificer)         Turns: 3978, Time: 00:09:25

Health: 0/60       AC: 12    Str: 17 (21) XL:     7   Next: 23%
Magic:  9/9        EV:  5    Int: 10 (12) God:    Cheibriados [......]
Gold:   159        SH:  0    Dex: 11      Spells: 6/6 levels left

rFire   . . .      SeeInvis .    B - +0 mace
rCold   . . .      Faith    .    (no shield)
rNeg    + . .      Spirit   .    q - +0 chain mail
rPois   .          Reflect  .    (no helmet)
rElec   .          Harm     .    A - +0 cloak
rCorr   .          Roll     +    y - +1 pair of gloves
Will    .....                    (no barding) Stlth
                                 (no amulet)
HPRegen 0.30/turn                D - ring of positive energy
MPRegen 0.11/turn                (no ring)

@: very slow
A: large, rugged brown scales 3, deformed body, armoured tail, roll, long
tongue, awkward tongue
a: Renounce Religion


You were on level 5 of the Dungeon.
You worshipped Cheibriados.
Cheibriados was noncommittal.
You visited 2 branches of the dungeon, and saw 6 of its levels.

You collected 159 gold pieces.

Inventory:

Hand Weapons
 l - a +0 whip
 B - a +0 mace (weapon)
Missiles
 k - 5 javelins
Armour
 q - a +0 chain mail (worn)
 y - a +1 pair of gloves (worn)
 A - a +0 cloak (worn)
Jewellery
 C - a ring of magical power
 D - a ring of positive energy (left hand)
Wands
 c - a wand of flame (4) (quivered)
 d - a wand of charming (15)
 e - a wand of iceblast (5)
Scrolls
 a - 2 scrolls of amnesia
 j - a scroll of magic mapping {unknown}
 m - 3 scrolls of teleportation
 n - 2 scrolls of noise
 p - a scroll of fear
 r - a scroll of immolation
 s - a scroll of enchant armour
 u - a scroll of butterflies
 z - 2 scrolls of identify
Potions
 b - a potion of mutation {unknown}
 f - a potion of attraction
 g - a potion of brilliance {unknown}
 h - 2 potions of magic
 i - 2 potions of heal wounds {unknown}
 o - 2 potions of degeneration
 t - 2 potions of resistance {unknown}
 v - a potion of flight
 w - 2 potions of curing {unknown}
 x - a potion of ambrosia {unknown}


   Skills:
 + Level 3.1 Fighting
 * Level 4.4 Maces & Flails
 + Level 4.6 Armour
 - Level 0.6 Dodging
 - Level 1.1 Stealth
 + Level 3.2 Invocations
 - Level 3.0 Evocations


You had 6 spell levels left.
You didn't know any spells.
Your spell library contained the following spells:

 Spells                   Type           Power      Damage    Failure   Level
 Necrotise                Necr           0%         1d4       99%         1
 Vampiric Draining        Necr           0%         2d6       100%        3
 Agony                    Necr           0%         N/A       100%        5
 Freezing Cloud           Conj/Ice/Air   0%         6-21      100%        5
 Simulacrum               Ice/Necr       0%         N/A       100%        6
 Polar Vortex             Ice            0%         N/A       100%        9


Dungeon Overview and Level Annotations

Branches:
Dungeon (5/15)             Temple (1/1) D:4

Altars:
Cheibriados
Dithmenos
Elyvilon
Fedhas
Gozag
Hepliaklqana
Kikubaaqudgha
Makhleb
Nemelex Xobeh
Qazlal
Ru
Sif Muna
Trog
Uskayaw
Vehumet
Yredelemnul
Zin
The Shining One


Innate Abilities, Weirdness & Mutations

You are completely covered in rugged brown scales. (AC +3, +7% HP)
Armour fits poorly on your strangely shaped body.
You have a long armoured tail.
You roll when moving toward enemies. (Rampage)
Your long tongue fully drains potion bottles. (2x potion effects)
Your tongue gives you trouble enunciating. (1.5x scroll delay)


Message History

Found a stone staircase leading down.
i - 2 inky potions (gained 1)
An ogre comes into view. It is wielding a +0 giant club.
The ogre shouts!
You hear a shout!
You roll towards the ogre!
The ogre hits you with a +0 giant club!
You sock the ogre!
Your tail-slap misses the ogre.
The ogre is moderately wounded.
You barely miss the ogre. You tail-slap the ogre.
The ogre is heavily wounded.
The ogre barely misses you.
You hit the ogre but do no damage. You tail-slap the ogre!
The ogre is severely wounded.
The ogre hits you with a +0 giant club!!
You hit the ogre.
The ogre is severely wounded.
The ogre hits you with a +0 giant club!!
* * * LOW HITPOINT WARNING * * *
You thump the ogre!
You kill the ogre!
Cheibriados appreciates the change of pace.
D - a ring of positive energy You start resting.
A white imp comes into view.
D - a ring of positive energy (left hand)
The white imp gestures at you. The puff of frost hits you.
* * * LOW HITPOINT WARNING * * *
The white imp hits you but does no damage. x2
You sock the white imp!
The white imp is severely wounded.
The white imp gestures at you. The puff of frost hits you!
* * * LOW HITPOINT WARNING * * *
You barely miss the white imp.
The white imp is severely wounded.
An orc priest comes into view. It is wielding a +0 club.
The white imp hits you.
* * * LOW HITPOINT WARNING * * *
The white imp freezes you.
You die...

.# #.## #... ... ..
.# #. #####.######
#.###........o..
#.##..@##.##....
##.#...5.#.#.# .
###...........##
............>..#
#.#####.#.....).#.#.#
.........#..#..##.#.#
###....###..... .
#.###.# ####.# #.#
#.#


You could see an orc priest (wandering) and a white imp.

Vanquished Creatures
  Menkaure (D:5)
  A black bear (D:4)
  An ogre (D:5)
  A phantom (D:5)
  A necrophage (D:4)
  A hound (D:4)
  5 adders
  3 ufetubi
  2 worms (D:3)
  2 dart slugs
  4 endoplasms
  12 giant cockroaches
  10 goblins
  10 hobgoblins
  5 jackals (D:2)
  3 quokkas
  6 ball pythons
  3 bats
  5 frilled lizards
  8 kobolds
  A rat (D:3)
85 creatures vanquished.

Notes
Turn   | Place    | Note
-------+----------+-------------------------------------------
     0 | D:1      | KennySheep the Armataur Artificer began the quest for the
                  | Orb.
     0 | D:1      | Reached XP level 1. HP: 16/16 MP: 1/1
   142 | D:1      | Reached skill level 1 in Fighting
   215 | D:1      | Reached skill level 1 in Maces & Flails
   282 | D:1      | Reached XP level 2. HP: 20/24 MP: 2/2
   795 | D:2      | Reached skill level 1 in Invocations
   865 | D:2      | Reached XP level 3. HP: 29/29 MP: 3/3
  1374 | D:2      | Reached XP level 4. HP: 37/37 MP: 5/5
  1649 | D:3      | Identified the +2 robe of the Moon Troll {*Corrode rElec
                  | Int+4}
  2405 | D:4      | Noticed a black bear
  2413 | D:4      | Killed a black bear
  2414 | D:4      | Reached XP level 5. HP: 32/43 MP: 6/6
  2682 | D:4      | Found a staircase to the Ecumenical Temple.
  2711 | Temple   | Entered the Ecumenical Temple
  2967 | Temple   | Became a worshipper of Cheibriados the Contemplative
  3317 | D:4      | Reached XP level 6. HP: 42/53 MP: 7/7
  3634 | D:5      | Entered Level 5 of the Dungeon
  3734 | D:5      | Noticed Menkaure
  3743 | D:5      | Killed Menkaure
  3744 | D:5      | Reached XP level 7. HP: 12/60 MP: 9/9
  3911 | D:5      | Identified the +4 dagger "Weixul" {antimagic, *Noise rN+
                  | Int+2}
  3978 | D:5      | Slain by a white imp

Illustrated notes

Levels and vault maps discovered:
D:1:      dpeg_chamrin_arrival_tetris, layout_basic
D:2:      minmay_roachtagon, layout_loops_cross
D:3:      layout_loops_cross, grunt_ministairs_12, nicolae_underground_beach
D:4:      layout_loops_cross, temple_green
D:5:      layout_loops_ring, grunt_ministairs_2, uniq_menkaure
Temple:   nicolae_temple_bog_church

Skill      XL: |  1  2  3  4  5  6 |
---------------+-------------------+-----
Fighting       | 1 2 3 |  3.1
Maces & Flails | 1 2 3 4 |  4.4
Invocations    | 1 2 3 |  3.2
Armour         | 3 4 |  4.6
Dodging        | |  0.6
Stealth        | |  1.1
Evocations     | |  3.0

Action                     |  1- 3 |  4- 6 |  7- 9 || total
---------------------------+-------+-------+-------++-------
  Melee: Club              |    66 |       |       ||    66
         Tailslap          |    20 |    21 |     2 ||    43
         Whip              |   100 |   193 |       ||   293
         Punch             |     1 |     1 |       ||     2
         Mace              |       |    25 |     7 ||    32
  Evoke: Wand              |     3 |     8 |       ||    11
    Use: Scroll            |       |     7 |       ||     7
         Potion            |       |     4 |       ||     4
   Stab: Sleeping          |     1 |       |       ||     1
 Armour: Leather armour    |    17 |       |       ||    17
         Scale mail        |    66 |       |       ||    66
         Chain mail        |    14 |   148 |     2 ||   164
  Dodge: Dodged            |    72 |    56 |     1 ||   129

Table legend: (Time is in decaauts)
 A = Elapsed time spent in this place.
 B = Non-inter-level travel time spent in this place.
 C = Inter-level travel time spent in this place.
 D = Time resting spent in this place.
 E = Time spent auto-exploring this place.
 F = Levels seen in this place.
 G = Mean time per level.
                   A        B        C        D        E       F      G
               +--------+--------+--------+--------+--------+-----+--------+
         Total |   4174 |   4031 |    143 |    177 |   2997 |   6 |  695.7 |
       Dungeon |   3910 |   3767 |    143 |    177 |   2787 |   5 |  782.0 |
        Temple |    264 |    264 |      0 |      0 |    210 |   1 |  264.0 |
               +--------+--------+--------+--------+--------+-----+--------+

Top non-repeatable levels by time:
     D:4: 1128 daAuts
     D:2: 853 daAuts
     D:1: 795 daAuts
     D:3: 756 daAuts
     D:5: 376 daAuts
  Temple: 264 daAuts
